 Dungeon Crawl Stone Soup version 0.30.0-10-gfe55d96785 (webtiles) character file.

Game seed: 14361950592021717865

1452 Lobster4 the Ducker (level 9, 0/65 HPs)
             Began as a Human Wanderer on May 13, 2023.
             Was an Initiate of Nemelex Xobeh.
             Slain by an iguana (11 damage)
             ... on level 5 of the Dungeon.
             The game lasted 00:16:29 (4744 turns).

Lobster4 the Ducker (Human Wanderer)                Turns: 4744, Time: 00:16:30

Health: 0/65       AC: 10    Str: 19    XL:     9   Next: 4%
Magic:  14/14      EV: 15    Int: 11    God:    Nemelex Xobeh [......]
Gold:   214        SH:  0    Dex: 18    Spells: 12/14 levels left

rFire   . . .        a - +1 spear
rCold   . . .        (no shield)
rNeg    . . .        n - +0 steam dragon scales
rPois   .            b - +1 helmet
rElec   .            m - +0 cloak
rCorr   .            (no gloves)
SInv    .            k - +0 pair of boots
Will    .....        (no amulet)
Stlth   ++           u - +6 ring of dexterity
HPRegen 0.30/turn    r - +4 ring of slaying
MPRegen 0.14/turn

%: no passive effects
@: no status effects
A: no striking features
a: Renounce Religion, Draw Escape, Draw Destruction, Draw Summoning


You were on level 5 of the Dungeon.
You worshipped Nemelex Xobeh.
Nemelex Xobeh was noncommittal.
You visited 2 branches of the dungeon, and saw 7 of its levels.

You collected 214 gold pieces.

Inventory:

Hand Weapons
 a - a +1 spear (weapon)
 x - a +0 shortbow
Missiles
 e - a throwing net
Armour
 b - a +1 helmet (worn)
 g - a +3 leather armour
 k - a +0 pair of boots (worn)
 m - a +0 cloak (worn)
 n - +0 steam dragon scales (worn)
Jewellery
 f - a ring of poison resistance
 q - a ring of ice
 r - a +4 ring of slaying (right hand)
 s - a ring of flight
 u - a +6 ring of dexterity (left hand)
 v - a ring of see invisible
Scrolls
 c - a scroll of silence
 h - a scroll of teleportation
 p - a scroll of enchant weapon
 t - a scroll of blinking
Potions
 d - a potion of curing
 l - a potion of haste
 w - a potion of attraction {unknown}


   Skills:
 + Level 3.6 Fighting
 - Level 3.0 Polearms
 + Level 3.8 Armour
 + Level 5.5 Dodging
 + Level 3.4 Spellcasting
 + Level 4.8 Hexes
 + Level 2.2 Earth Magic
 + Level 3.0 Invocations
 - Level 3.0 Evocations


You had 12 spell levels left.
You knew the following spells:

 Your Spells              Type           Power      Damage    Failure   Level
a - Slow                  Hex            48%        N/A       3%          1
b - Sandblast             Erth           12%        2d6       10%         1

Your spell library contained the following spells:

 Spells                   Type           Power      Damage    Failure   Level
 Passwall                 Tmut/Erth      3%         N/A       24%         2
 Beastly Appendage        Tmut           2%         N/A       26%         1
 Inner Flame              Hex/Fire       7%         N/A       28%         3
 Wereblood                Tmut           1%         N/A       36%         2
 Stone Arrow              Conj/Erth      8%         3d7       43%         3
 Ozocubu's Armour         Ice            1%         N/A       58%         3
 Spider Form              Tmut/Pois      1%         N/A       58%         3
 Anguish                  Hex/Necr       3%         N/A       67%         4
 Ozocubu's Refrigeration  Ice            0%         4d7       100%        7


Dungeon Overview and Level Annotations

Branches:
Dungeon (6/15)             Temple (1/1) D:4

Altars:
Cheibriados
Elyvilon
Fedhas
Gozag
Hepliaklqana
Kikubaaqudgha
Makhleb
Nemelex Xobeh
Okawaru
Qazlal
Sif Muna
Trog
Uskayaw
Wu Jian
Xom
Yredelemnul
Zin

Shops:
D:6 :

Annotations:
D:2 Sigmund
D:3 Grinder
D:5 Edmund


Message History

A gnoll bouda comes into view. It is wielding a +0 whip.
The iguana closely misses you.
You completely miss the iguana.
The iguana is lightly wounded.
The gnoll bouda shouts!
The iguana barely misses you.
A gnoll comes into view. It is wielding a +0 whip.
A gnoll comes into view. It is wielding a +0 club.
The gnoll shouts! x2
You hit the iguana.
The iguana is lightly wounded.
The iguana bites you.
A gnoll comes into view. It is wielding a +0 spear.
The iguana attacks as you move away! The iguana bites you.
The gnoll shouts!
A gnoll comes into view. It is wielding a +0 halberd.
The iguana closely misses you.
A gnoll comes into view. It is wielding a +0 mace.
There is an escape hatch in the ceiling here.
The gnoll shouts!
The gnoll bouda barks out a call to the hunt!
The gnolls pick up the pace!
The iguana bites you!
* * * LOW HITPOINT WARNING * * *
A mysterious force pulls you upwards. The hatch slams shut behind you.
Level annotation: Edmund The howler monkey howls!
You hit the iguana.
The iguana is moderately wounded.
The iguana completely misses you.
You barely miss the iguana.
The iguana is moderately wounded.
The iguana bites you.
* * * LOW HITPOINT WARNING * * *
The howler monkey misses you.
You hit the iguana.
The iguana is heavily wounded.
The iguana bites you!
You die...
Your body disappears without a glow.

###### ##...[..#####.. #....#
#...#####...### ##....#
#.#.'....._.... #.....#
#...#####...### ##.....#
#.#.....#####.. #..#.####
#.####......... #.......#
#.####.....###.
##.......###.)..........#.
#.......h@l..####....##...
##.#...<..##### #....##...
#..#......# #..รท)#....
#.##......# ####....##
##.##......# #######.##.#
####..##..)...# #..........#
#....##....>..# #.........##
#.#.....##.#### ##...<.....#
#.#..#..##.#######..........###


You could see a howler monkey and an iguana.

Vanquished Creatures
  A steam dragon (D:5)
  2 sky beasts (D:5)
  A black bear (D:4)
  An ice beast (D:5)
  A centaur (D:6)
  A bullfrog (D:5)
  3 scorpions (D:5)
  A howler monkey (D:5)
  A crimson imp (D:4)
  6 hounds
  A jelly (D:5)
  2 iguanas (D:5)
  An orc priest (D:4)
  2 sleepcaps
  Terence (D:2)
  Natasha (D:2)
  An orc wizard (D:4)
  6 gnolls
  3 adders
  2 worms
  5 dart slugs
  6 orcs
  4 ball pythons
  6 endoplasms
  A giant cockroach (D:4)
  2 hobgoblins (D:4)
  3 jackals (Temple)
  A quokka (D:3)
  5 bats
  3 frilled lizards
  5 kobolds
  4 rats
83 creatures vanquished.

Notes
Turn   | Place    | Note
-------+----------+-------------------------------------------
     0 | D:1      | Lobster4 the Human Wanderer began the quest for the Orb.
     0 | D:1      | Lobster4 set off with the following items: a +0 spear, a +0
                  | helmet, a scroll of silence, a +0 leather armour; and the
                  | following spell memorised: Slow; and the following spells
                  | available to memorise: Inner Flame, Anguish.
     0 | D:1      | Reached XP level 1. HP: 13/13 MP: 2/2
   205 | D:1      | Found a faded altar of an unknown god.
   402 | D:1      | Reached XP level 2. HP: 20/20 MP: 1/3
   691 | D:2      | Noticed Sigmund
   851 | D:2      | Reached skill level 1 in Fighting
   851 | D:2      | Reached XP level 3. HP: 25/26 MP: 3/5
   930 | D:2      | Noticed Terence
   956 | D:2      | Killed Terence
   957 | D:2      | Reached XP level 4. HP: 21/32 MP: 3/6
  1432 | D:2      | Noticed Natasha
  1446 | D:2      | Killed Natasha
  1587 | D:2      | Reached skill level 1 in Evocations
  1945 | D:3      | Reached XP level 5. HP: 37/37 MP: 7/7
  2091 | D:3      | Noticed Grinder
  2093 | D:3      | Paralysed by Grinder for 3 turns
  2269 | D:4      | Noticed a black bear
  2287 | D:4      | Killed a black bear
  2288 | D:4      | Reached XP level 6. HP: 28/44 MP: 5/9
  2523 | D:4      | Found a staircase to the Ecumenical Temple.
  2533 | Temple   | Entered the Ecumenical Temple
  2616 | Temple   | Became a worshipper of Nemelex Xobeh the Trickster
  2902 | D:4      | Found a shimmering altar of Xom.
  2902 | D:4      | Found a burning altar of Makhleb.
  3265 | D:4      | Reached XP level 7. HP: 38/50 MP: 10/10
  3328 | D:5      | Entered Level 5 of the Dungeon
  3408 | D:5      | Reached skill level 1 in Invocations
  3548 | D:4      | Learned a level 1 spell: Sandblast
  3557 | D:5      | Noticed Edmund
  3658 | D:5      | Reached skill level 5 in Dodging
  3829 | D:5      | Reached skill level 1 in Earth Magic
  3829 | D:5      | Reached XP level 8. HP: 52/57 MP: 12/12
  3855 | D:5      | Found a blossoming altar of Fedhas.
  4245 | D:6      | Found Poaxopna's Book Emporium.
  4622 | D:6      | Reached XP level 9. HP: 44/64 MP: 14/14
  4744 | D:5      | Slain by an iguana

Illustrated notes

Levels and vault maps discovered:
D:1:      zelgadis_glass_arrival_small, layout_basic,
          hellmonk_ecumenical_altar_leap_of_faith
D:2:      layout_loops_corners, minmay_ruptured, uniq_natasha, uniq_sigmund,
          uniq_terence
D:3:      layout_basic, minmay_misc_feat_chi, uniq_jessica, uniq_grinder
D:4:      layout_loops_ring, grunt_temple_overflow_champion_of_chaos,
          minmay_temple_entry_mini_moons
D:5:      layout_rooms, mainiacjoe_overflow_surrounded_room, uniq_edmund
D:6:      layout_cave_pools, nicolae_tso_swordbearing_angel, serial_shops, shop,
          lightli_ossuary_entry_decrepit_ruins
Temple:   nicolae_temple_great_sept

Skill      XL: |  1  2  3  4  5  6  7  8  9 |
---------------+----------------------------+-----
Fighting       | 1 2 3 |  3.6
Armour         | 2 3 |  3.8
Evocations     | 1 2 3 |  3.0
Spellcasting   | 2 3 |  3.4
Polearms       | 2 3 |  3.0
Hexes          | 4 |  4.8
Invocations    | 1 2 3 |  3.0
Dodging        | 5 |  5.5
Earth Magic    | 1 2 |  2.2

Action                     |  1- 3 |  4- 6 |  7- 9 || total
---------------------------+-------+-------+-------++-------
  Melee: Spear             |    85 |   191 |   176 ||   452
         Punch             |       |     2 |     6 ||     8
   Cast: Slow              |     6 |     7 |     4 ||    17
  Evoke: Wand              |     6 |     7 |     2 ||    15
    Use: Scroll            |     3 |     3 |     8 ||    14
         Potion            |     1 |       |     2 ||     3
 Armour: Leather armour    |    43 |    75 |    55 ||   173
         Steam dragon scal |       |       |    16 ||    16
  Dodge: Dodged            |    51 |    92 |   163 ||   306
